 Dungeon Crawl Stone Soup version 0.22-a0-246-gdc04c06 (webtiles) character file.

114405 Amnesiac the Fetichist (level 16, -1/85 HPs)
             Began as a Spriggan Artificer on Feb 23, 2018.
             Was an Initiate of Gozag.
             Killed from afar by a deep elf mage (30 damage)
             ... with a bolt of magma
             ... on level 2 of the Elven Halls.
             The game lasted 01:59:39 (44035 turns).

Amnesiac the Fetichist (Spriggan Artificer)        Turns: 44035, Time: 01:59:40

Health: -1/85      AC:  8    Str: 13    XL:     16   Next: 16%
Magic:  24/40      EV: 32    Int: 15    God:    Gozag
Gold:   654        SH:  8    Dex: 16    Spells: 17/35 levels left

rFire    + . .     SeeInvis +   a - +1 hunting sling
rCold    + . .     Gourm    .   d - +0 buckler
rNeg     . . .     Faith    .   k - +2 robe {rF+}
rPois    +         Spirit   .   U - +1 hat
rElec    +         Reflect  .   c - +0 cloak {MR+}
rCorr    .         Harm     .   (gloves unavailable)
MR       +++..                  (boots unavailable)
Stlth    ++........             (no amulet)
HPRegen  0.24/turn              J - +5 ring of slaying
MPRegen  0.27/turn              e - ring "Yraol" {*Contam rElec rPois rC+ MP+9}

@: about to teleport, very slightly contaminated, very quick
A: very small, unfitting armour, icy blue scales 1, see invisible, herbivore,
speed 3, sense surroundings 1, screaming 1, slow metabolism 2
a: Potion Petition, Call Merchant, Bribe Branch, Renounce Religion


You were on level 2 of the Elven Halls.
You worshipped Gozag.
Gozag was pleased with you.
You were very full.

You visited 5 branches of the dungeon, and saw 23 of its levels.

You collected 7721 gold pieces.
You spent 5648 gold pieces at shops.
You paid 1419 gold pieces to Gozag.

Inventory:

Hand Weapons
 a - a +1 hunting sling (weapon)
 b - a +1 dagger of venom
 B - a +2 arbalest of flaming
 G - a +0 blowgun
 S - a +0 scimitar of flaming
Missiles
 h - 172 stones
 p - 63 poisoned needles
 R - 360 bolts
 Y - 5 curare-tipped needles
 Z - 4 sling bullets (quivered)
Armour
 c - a +0 cloak of magic resistance (worn)
 d - a +0 buckler (worn)
 k - a +2 robe of fire resistance (worn)
 U - a +1 hat (worn)
Jewellery
 e - the ring "Yraol" (right hand) {*Contam rElec rPois rC+ MP+9}
   (You bought it in a shop on level 6 of the Dungeon)

   [ring of protection from cold]

   It protects you from cold.
   It insulates you from electricity.
   It protects you from poison.
   It affects your magic capacity (+9).
   It causes magical contamination when unequipped.
 g - an uncursed ring of protection from magic
 u - an uncursed ring of poison resistance
 A - a +3 ring of dexterity
 E - an uncursed ring of wizardry
 J - a +5 ring of slaying (left hand)
 O - an uncursed ring of protection from fire
Wands
 j - a wand of random effects (55)
 o - a wand of paralysis (2)
 I - a wand of polymorph (2)
 M - a wand of digging (30)
Scrolls
 l - 7 scrolls of remove curse {!r}
 m - 6 scrolls of enchant armour {!r}
 s - 6 scrolls of teleportation {!r}
 t - 7 scrolls of amnesia {!r}
 v - 2 scrolls of blinking {!r}
 y - 3 scrolls of magic mapping {!r}
 C - 7 scrolls of enchant weapon {!r}
 D - 2 scrolls of fog {!r}
 T - 10 scrolls of identify {!r}
 V - 2 scrolls of fear {!r}
Potions
 i - 4 potions of berserk rage {!q}
 q - 2 potions of curing {!q}
 r - a potion of cancellation {!q}
 w - a potion of resistance {!q}
 x - 2 potions of brilliance {!q}
 z - a potion of ambrosia {!q}
 L - 3 potions of might {!q}
 N - 5 potions of mutation {!q}
 Q - a potion of magic {!q}
Miscellaneous
 n - a phial of floods (inert)
 F - a fan of gales (inert)
Comestibles
 f - 10 rations


   Skills:
 - Level 10.1 Fighting
 - Level 1.1 Short Blades
 * Level 12.3 Slings
 - Level 16.1 Dodging
 - Level 1.5 Stealth
 + Level 7.0 Shields
 - Level 10.0 Spellcasting
 - Level 1.0 Conjurations
 - Level 7.0 Hexes
 - Level 7.0 Transmutations
 - Level 20.1 Evocations


You had 17 spell levels left.
You knew the following spells:

 Your Spells              Type           Power        Failure   Level  Hunger
a - Apportation           Tloc           #.....       10%         1    None
b - Poisonous Vapours     Pois/Air       #.....       14%         2    None
c - Passwall              Tmut/Erth      ###.......   3%          2    None
d - Summon Small Mammal   Summ           #...         10%         1    None
e - Yara's Violent Unrav  Hex/Tmut       ####......   14%         5    #####..
f - Mephitic Cloud        Conj/Pois/Air  #.......     26%         3    None
s - Conjure Flame         Conj/Fire      #.......     24%         3    None
z - Confusing Touch       Hex            ####..       1%          1    None


Dungeon Overview and Level Annotations

Branches:
Dungeon (15/15)            Temple (1/1) D:4            Lair (0/6) D:8
    Orc (2/2) D:11            Elf (3/3) Orc:2        Vaults (0/5) D:13
 Depths (2/5) D:15

Altars:
Ashenzari
Cheibriados
Dithmenos
Elyvilon
Fedhas
Gozag
Hepliaklqana
Kikubaaqudgha
Makhleb
Nemelex Xobeh
Okawaru
Qazlal
Ru
Sif Muna
Trog
Uskayaw
Vehumet
Wu Jian
Xom
Yredelemnul
Zin
The Shining One

Shops:
D:4 }[:[   D:6 =   D:10 *   Orc:1 (   Orc:2 [([((   Elf:2 %   Depths:1 }?

Portals:
Hell: Depths:1 Depths:2
Pandemonium: Depths:1
Ziggurat: Depths:1

Annotations:
Elf:2 3 runed doors
Depths:1 exclusion: downstairs


Innate Abilities, Weirdness & Mutations

You are very small and have problems with some larger weapons.
You are too small for most types of armour.
You have supernaturally acute eyesight. (SInv)
You are a herbivore.
You cover ground extremely quickly.
You need consume almost no food.
You are partially covered in icy blue scales. (AC +2)
You passively map a small area around you.
You occasionally shout uncontrollably at your foes.


Message History

The deep elf knight flickers and vanishes for a moment.
You block the deep elf blademaster's attack.
The deep elf blademaster barely misses you.
Really read
s - 11 scrolls of teleportation {!r}?
As you read the scroll of teleportation {!r}, it crumbles to dust.
You feel strangely unstable.
The deep elf knight points at you and mumbles some strange words.
The stone arrow misses you.
The deep elf blademaster closely misses you.
The deep elf blademaster completely misses you.
The deep elf mage mumbles some strange words.
The deep elf mage blinks!
Really attack while wielding your +1 hunting sling?
Okay, then.
The deep elf knight wields a runed shortbow.
It bursts into flame!
The deep elf knight shoots an arrow.
The arrow misses you.
The teleport trap disappears.
The runed long sword disappears!
The deep elf knight shoots an arrow.
You block the arrow.
You see here an arrow.
The deep elf knight shoots an arrow.
The arrow completely misses you.
Your surroundings suddenly seem different. 6 dancing weapons and a deep elf knight come into view.
There is a double sword of holy wrath.
There is a war axe of electrocution.
There is a mace of crushing.
There is a war axe of electrocution.
There is a hand axe of chopping.
There is a long sword of slicing.
Really read
s - 10 scrolls of teleportation {!r}?
As you read the scroll of teleportation {!r}, it crumbles to dust.
You feel strangely unstable.
The double sword of holy wrath moves out of view.
The mace of crushing completely misses you.
Okay, then.
The war axe of electrocution misses you.
Okay, then.
The double sword of holy wrath hits you!
* * * LOW HITPOINT WARNING * * *
A flail of crushing comes into view.
The hand axe of chopping hits you but does no damage.
A glaive of venom comes into view.
Your surroundings suddenly seem different.
A dancing weapon and a deep elf mage come into view.
There is a scimitar of holy wrath.
Really read
s - 9 scrolls of teleportation {!r}?
As you read the scroll of teleportation {!r}, it crumbles to dust.
You feel strangely unstable.
The deep elf mage mumbles some strange words.
The deep elf mage blinks!
A deep elf knight comes into view. It is wielding a long sword.
Your surroundings suddenly seem different.
Really read
s - 8 scrolls of teleportation {!r}?
As you read the scroll of teleportation {!r}, it crumbles to dust.
You feel strangely unstable.
A deep elf mage comes into view. It is wielding a dagger.
The deep elf mage shouts!
The deep elf knight casts a spell at you.
The shard of ice misses you.
Your surroundings suddenly seem different.
The deep elf mage shouts!
Okay, then.
Really read
s - 7 scrolls of teleportation {!r}?
As you read the scroll of teleportation {!r}, it crumbles to dust.
You feel strangely unstable.
The deep elf mage gestures at you while chanting.
The bolt of magma hits you! You partially resist.
You die...
Your body crumbles into a pile of gold.

##.. #...........###...
#...#* ##.........## #...
#...###...........###...##
*#...#e.(..........#...# #
##.....................#
###.......................
##......e........e........
*
##........................
##..............@.........
##+..........###.....(....
+,+#........## ##........#
+, #.........# .........#
+ +#........##
##........## #
+..........###..........##
# , ...............# # ,
...............# #* , ,
...............#


You could see a deep elf mage and a scimitar of holy wrath (wandering).

Vanquished Creatures
  Nikola (Elf:3)
  Asterion (Elf:3)
  Gastronok (Orc:1)
  Kirke (D:12)
  A fire giant (Depths:2)
  A deep elf sorcerer (Elf:1)
  3 stone giants (Depths:1)
  A very ugly thing (D:15)
  2 deep elf demonologists (Elf:3)
  A dire elephant (D:15)
  A great orb of eyes (Depths:1)
  2 fire dragons
  The ghost of p0werm0de the Fighter, a journeyman DsFE of Wu Jian (D:11)
  Erolcha (Orc:1)
  2 hydras
  An ogre mage (Depths:1)
  8 vault guards (D:13)
  Fannar (D:8)
  A death knight (D:14)
  2 ice dragons (Depths:1)
  The ghost of RoseArtemis the Basher, a novice MiFi of Nemelex Xobeh (D:10)
  Erica (D:11)
  A centaur warrior (D:15)
  5 two-headed ogres
  Urug (D:14)
  4 orc high priests (Orc:2)
  9 deep elf knights
  4 wizards
  A deep troll (Depths:1)
  2 unseen horrors
  A glowing orange brain (Depths:1)
  13 deep elf archers
  A shadow demon (Depths:1)
  The ghost of sankara the Cleaver, a novice MiFi (D:7)
  Pikel (D:7)
  A harpy (shapeshifter) (Elf:2)
  4 orc knights
  30 deep elf magi
  2 manticores
  5 orc sorcerers
  An ugly thing (Depths:1)
  2 cyclopes (D:15)
  A spiny frog (Depths:1)
  2 gargoyles (D:9)
  A kobold demonologist (D:15)
  A komodo dragon (D:12)
  11 yaktaurs
  An ice devil (Depths:1)
  A redback zombie (D:15)
  3 tengu conjurers
  9 trolls
  2 wind drakes (D:15)
  A jumping spider (shapeshifter) (D:15)
  Prince Ribbit (D:8)
  10 slime creatures
  2 hippogriffs
  5 large abominations (D:13)
  Sigmund (D:3)
  7 water elementals
  Eustachio (D:6)
  2 air elementals
  4 fire elementals
  5 hogs
  2 wyverns
  7 small abominations (D:13)
  A basilisk (D:15)
  A hog (shapeshifter) (D:15)
  A yak (shapeshifter) (Elf:3)
  A steam dragon (D:7)
  2 chaos spawn (Depths:1)
  2 hungry ghosts
  A vampire mosquito (D:15)
  Grum (D:8)
  15 insubstantial wisps (D:15)
  4 wargs
  A neqoxec (Depths:1)
  An acid dragon (D:13)
  A soldier ant (D:13)
  4 sky beasts
  A floating eye (shapeshifter) (Depths:1)
  An ice beast (D:12)
  27 orc warriors
  2 black bears (D:10)
  An eye of draining (D:15)
  3 phantoms
  5 centaurs
  A necrophage (D:6)
  3 wolves (D:8)
  17 ogres
  3 crocodiles
  A big kobold (D:11)
  12 bullfrogs
  Blork the orc (D:5)
  An earth elemental (Elf:2)
  A water moccasin skeleton (D:4)
  4 scorpions
  23 killer bees
  4 wights
  2 howler monkeys
  2 electric eels (D:11)
  A centaur zombie (D:12)
  5 crimson imps
  2 bullfrog zombies
  5 centaur skeletons
  8 hounds
  5 jellies
  Crazy Yiuf (D:4)
  24 orc priests
  4 bullfrog skeletons
  2 iguanas (D:10)
  9 worker ants
  Natasha (thrice) (D:3)
  23 orc wizards
  2 killer bee zombies
  2 worker ant zombies
  A howler monkey skeleton (D:4)
  12 adders
  2 shadow imps
  8 oozes (D:3)
  3 adder zombies
  3 worms
  3 ball lightnings (D:15)
  6 leopard geckos
  79 orcs
  5 giant cockroaches
  4 goblins
  5 hobgoblins
  8 jackals
  17 kobolds
  7 quokkas
  2 ball pythons
  A ball python skeleton (D:4)
  9 bats
  7 frilled lizards
  A jackal skeleton (D:5)
  2 leopard gecko skeletons
  6 rats
642 creatures vanquished.

Vanquished Creatures (collateral kills)
  Rupert (D:15)
  A fire dragon (Depths:1)
  4 dancing weapons
  An orc high priest (Orc:2)
  A manticore (D:15)
  An orc knight (Orc:2)
  A vampire mosquito (D:15)
  An insubstantial wisp (D:15)
  3 orc warriors
  A killer bee (D:9)
  4 orc priests
  2 orc wizards
  An orc (D:11)
22 creatures vanquished.

Vanquished Creatures (others)
  A deep elf demonologist (Elf:3)
  An ice dragon (Depths:1)
  A deep elf high priest (Elf:3)
  8 dancing weapons
  An orc knight (Orc:2)
  A queen bee (D:9)
  4 slaves (D:8)
  An ogre (D:11)
  A killer bee (D:9)
  An orc priest (Orc:1)
  5 ball lightnings (D:15)
  3 orcs (D:8)
  2 jackals (D:8)
  2 fungi (D:3)
  4 plants (Depths:2)
  9 toadstools (D:3)
45 creatures vanquished.

Grand Total: 709 creatures vanquished

Notes
Turn   | Place    | Note
-------+----------+-------------------------------------------
     0 | D:1      | Amnesiac the Spriggan Artificer began the quest for the Orb.
     0 | D:1      | Reached XP level 1. HP: 9/9 MP: 4/4
    59 | D:2      | Found a bloodstained altar of Trog.
   235 | D:3      | Reached skill level 1 in Slings
   255 | D:3      | Noticed Natasha
   259 | D:3      | Killed Natasha
   259 | D:3      | Reached XP level 2. HP: 14/14 MP: 6/6
   259 | D:3      | Reached XP level 3. HP: 17/17 MP: 7/7
   378 | D:3      | Noticed a scorpion
   427 | D:3      | Killed a scorpion
   427 | D:3      | Reached XP level 4. HP: 21/21 MP: 8/8
   477 | D:3      | Noticed a two-headed ogre
   522 | D:3      | Reached skill level 5 in Slings
   524 | D:3      | Found a shadowy altar of Dithmenos.
   633 | D:3      | Killed a two-headed ogre
   633 | D:3      | Reached XP level 5. HP: 25/25 MP: 9/9
   633 | D:3      | Reached XP level 6. HP: 29/29 MP: 10/10
   633 | D:3      | Reached XP level 7. HP: 32/32 MP: 11/11
   855 | D:4      | Found a staircase to the Ecumenical Temple.
   871 | D:4      | Reached skill level 10 in Slings
   989 | Temple   | Entered the Ecumenical Temple
  1173 | D:3      | Noticed Sigmund
  1229 | D:4      | Found a runed door.
  1291 | D:4      | Found Peedegh's Gadget Emporium.
  1425 | D:4      | Found Cossos Evve's Antique Armour Boutique.
  1435 | D:4      | Found Ujuklorph's Armour Shoppe.
  1455 | D:4      | Found Vonyuthi's Book Boutique.
  1477 | D:4      | Found a burning altar of Makhleb.
  1477 | D:4      | Found a glowing silver altar of Zin.
  1478 | D:4      | Noticed an angel
  1478 | D:4      | Noticed a balrug
  1614 | Temple   | Became a worshipper of Gozag Ym Sagoz the Greedy
  1810 | D:3      | Noticed Natasha
  1832 | D:3      | Killed Natasha
  1917 | D:3      | Killed Sigmund
  1917 | D:3      | Reached XP level 8. HP: 29/37 MP: 12/12
  2801 | D:2      | Found a white marble altar of Elyvilon.
  2831 | D:2      | Found a sparkling altar of Nemelex Xobeh.
  3340 | D:3      | Noticed Natasha
  3350 | D:3      | Killed Natasha
  4286 | D:4      | Noticed Crazy Yiuf
  4328 | D:4      | Killed Crazy Yiuf
  4440 | D:5      | Entered Level 5 of the Dungeon
  4698 | D:5      | Reached skill level 1 in Fighting
  5071 | D:5      | Reached skill level 5 in Evocations
  5362 | D:5      | Reached skill level 6 in Evocations
  5693 | D:5      | Found an ornate altar of the Wu Jian Council.
  5698 | D:5      | Found an ancient bone altar of Kikubaaqudgha.
  5877 | D:6      | Noticed Blork the orc
  6042 | D:6      | Noticed Eustachio
  6089 | D:6      | Killed Eustachio
  6089 | D:6      | Reached skill level 5 in Dodging
  6089 | D:6      | Reached XP level 9. HP: 17/43 MP: 13/15
  6263 | D:6      | Found Betufyp's Jewellery Emporium.
  6391 | D:6      | Reached skill level 7 in Evocations
  6499 | D:6      | Found a deep blue altar of Sif Muna.
  6701 | D:6      | Found a stormy altar of Qazlal.
  6705 | D:6      | Found a blossoming altar of Fedhas.
  6959 | D:7      | Noticed sankara's ghost (novice MiFi)
  7097 | D:6      | Reached skill level 8 in Evocations
  7478 | D:7      | Found a hide-covered altar of Uskayaw.
  7889 | D:7      | Reached skill level 9 in Evocations
  7993 | D:7      | Killed sankara's ghost
  8288 | D:7      | Reached skill level 10 in Evocations
  8583 | D:8      | Found a staircase to the Lair.
  8583 | D:8      | Noticed Prince Ribbit
  8588 | D:8      | Noticed Pikel
  8680 | D:7      | Killed Pikel
  8680 | D:7      | Reached XP level 10. HP: 46/50 MP: 18/18
  8950 | D:8      | Killed Prince Ribbit
  9428 | D:8      | Noticed Grum
  9490 | D:8      | Killed Grum
  9624 | D:8      | Reached skill level 11 in Evocations
 10063 | D:8      | Learned a level 1 spell: Apportation
 10065 | D:8      | Learned a level 1 spell: Confusing Touch
 10068 | D:8      | Learned a level 2 spell: Poisonous Vapours
 10323 | D:8      | HP: 2/51 [poisoned by a killer bee]
 10330 | D:8      | HP: 2/51 [poisoned by a killer bee]
 10338 | D:8      | HP: 1/51 [poisoned by a killer bee]
 10984 | D:9      | Reached skill level 5 in Fighting
 11098 | D:9      | Found a shimmering altar of Xom.
 11099 | D:9      | Found a shimmering altar of Xom.
 11152 | D:9      | Noticed a two-headed ogre
 11195 | D:9      | Killed a two-headed ogre
 11195 | D:9      | Reached skill level 12 in Evocations
 11856 | D:9      | Reached skill level 10 in Dodging
 11971 | D:9      | HP: 2/52 [poisoned by a killer bee]
 11978 | D:9      | HP: 2/52 [poisoned by a killer bee]
 11986 | D:9      | HP: 1/52 [poisoned by a killer bee]
 12426 | D:9      | Found a shimmering altar of Xom.
 12426 | D:9      | Noticed a torpor snail
 12476 | D:9      | Reached XP level 11. HP: 25/56 MP: 21/21
 12755 | D:10     | Entered Level 10 of the Dungeon
 13028 | D:10     | Noticed RoseArtemis's ghost (novice MiFi)
 13120 | D:10     | Killed RoseArtemis's ghost
 13120 | D:10     | Reached skill level 13 in Evocations
 14189 | D:10     | Found Itialurph's General Store.
 14444 | D:10     | Noticed an unseen horror
 14492 | D:10     | Killed an unseen horror
 14970 | D:11     | Noticed Fannar
 15102 | D:10     | Bought 24 stones for 28 gold pieces
 15102 | D:10     | Bought a wand of disintegration (12) for 192 gold pieces
 15381 | D:10     | Reached skill level 14 in Evocations
 15582 | D:11     | Noticed p0werm0de's ghost (journeyman DsFE)
 15932 | D:5      | Killed Blork the orc
 16525 | D:11     | Found a staircase to the Orcish Mines.
 16802 | D:11     | Noticed a four-headed hydra
 16912 | D:11     | Killed a four-headed hydra
 17066 | D:11     | Killed p0werm0de's ghost
 17136 | D:11     | Noticed an unseen horror
 17160 | D:11     | Killed an unseen horror
 18561 | Orc:1    | Entered Level 1 of the Orcish Mines
 19042 | Orc:1    | Noticed Erica
 19101 | D:11     | Killed Erica
 19101 | D:11     | Reached skill level 15 in Evocations
 19101 | D:11     | Reached XP level 12. HP: 43/63 MP: 20/24
 19217 | Orc:1    | Noticed Gastronok
 19333 | Orc:1    | Gained mutation: You are partially covered in icy blue scales. (AC +2) [potion of mutation]
 19333 | Orc:1    | Gained mutation: You occasionally shout uncontrollably at your foes. [potion of mutation]
 19333 | Orc:1    | Gained mutation: You passively map a small area around you. [potion of mutation]
 19432 | Orc:1    | Killed Gastronok
 20338 | Orc:2    | Entered Level 2 of the Orcish Mines
 20338 | Orc:2    | Noticed an orc high priest
 20812 | Orc:1    | Found Mask's Antique Weapon Shoppe.
 20827 | Orc:1    | Noticed Erolcha
 21049 | Orc:1    | Killed Erolcha
 21211 | Orc:1    | Reached skill level 16 in Evocations
 21475 | Orc:2    | Found a staircase to the Elven Halls.
 21481 | Orc:2    | Noticed an orc high priest
 21484 | Orc:2    | Killed an orc high priest
 21490 | Orc:2    | Found Boif's Antique Weapon Shoppe.
 21913 | Orc:2    | Found a radiant altar of Vehumet.
 22250 | Orc:2    | Killed an orc high priest
 22966 | Orc:2    | Reached skill level 17 in Evocations
 23010 | Orc:2    | Noticed an orc high priest
 23038 | Orc:2    | Noticed an orc high priest
 23050 | Orc:2    | Killed an orc high priest
 23082 | Orc:2    | Killed an orc high priest
 23233 | Orc:2    | Reached XP level 13. HP: 60/69 MP: 26/26
 23241 | Orc:2    | Found Uphyvvu's Antique Weapon Boutique.
 23241 | Orc:2    | Found Roreetih's Antique Armour Shoppe.
 23243 | Orc:2    | Found Heeten's Antique Weapon Boutique.
 23243 | Orc:2    | Found Elihaiceyt's Armour Shoppe.
 23265 | Orc:2    | Bought a runed cloak for 127 gold pieces
 23280 | Orc:2    | Bought a crystal arbalest for 247 gold pieces
 23280 | Orc:2    | Identified the cursed +2 arbalest "Loapi" {elec, *Drain MR+ Str+10 Int+4} (You bought it in a shop on level 2 of the Orcish Mines)
 24206 | D:4      | Bought a box of beasts for 240 gold pieces
 24206 | D:4      | Bought a box of beasts for 240 gold pieces
 24206 | D:4      | Bought a wand of acid (6) for 240 gold pieces
 24206 | D:4      | Bought a wand of scattershot (6) for 360 gold pieces
 24206 | D:4      | Bought a wand of paralysis (21) for 276 gold pieces
 24265 | D:4      | Bought a +1 hat for 110 gold pieces
 24338 | D:6      | Bought a +5 ring of slaying for 1705 gold pieces
 24476 | D:9      | Noticed a spark wasp
 24722 | D:12     | Found a shattered altar of Ashenzari.
 25161 | D:13     | Noticed Kirke
 25299 | D:12     | Noticed a sphinx
 25924 | D:13     | Reached skill level 18 in Evocations
 27211 | D:13     | Found a gate to the Vaults.
 27752 | D:14     | Reached skill level 15 in Dodging
 27787 | D:14     | Noticed Urug
 27794 | D:14     | Killed Urug
 28464 | D:15     | Entered Level 15 of the Dungeon
 28573 | D:15     | Reached skill level 19 in Evocations
 28949 | D:15     | Noticed Rupert
 29230 | D:15     | Killed Rupert
 29230 | D:15     | Reached XP level 14. HP: 53/76 MP: 28/28
 30184 | D:15     | Learned a level 2 spell: Passwall
 30188 | D:15     | Learned a level 3 spell: Mephitic Cloud
 30192 | D:15     | Learned a level 3 spell: Conjure Flame
 30194 | D:15     | Learned a level 1 spell: Summon Small Mammal
 30274 | D:15     | Found a staircase to the Depths.
 30491 | D:15     | Reached skill level 10 in Fighting
 31274 | Elf:1    | Entered Level 1 of the Elven Halls
 31543 | D:6      | Bought the ring "Yraol" {*Contam rElec rPois rC+ MP+9} for 847 gold pieces
 31647 | D:8      | Killed Fannar
 31972 | Orc:2    | Reached skill level 20 in Evocations
 32294 | D:10     | Bought 24 sling bullets for 144 gold pieces
 32914 | Elf:1    | Reached skill level 1 in Spellcasting
 32914 | Elf:1    | Reached skill level 1 in Hexes
 32914 | Elf:1    | Reached skill level 1 in Transmutations
 33767 | Elf:1    | Learned a level 5 spell: Yara's Violent Unravelling
 34114 | Elf:2    | Found Ididwieqidd's Food Shop.
 35085 | Elf:2    | Noticed a deep elf sorcerer
 35089 | Elf:1    | Reached skill level 5 in Transmutations
 35159 | Elf:1    | Reached skill level 5 in Spellcasting
 35159 | Elf:1    | Reached skill level 5 in Hexes
 35548 | Depths:1 | Entered Level 1 of the Depths
 35666 | Depths:1 | Noticed a stone giant
 35692 | Depths:1 | Killed a stone giant
 35827 | Depths:1 | Found a gateway to a ziggurat.
 35827 | Depths:1 | Noticed an angel
 35853 | Depths:1 | Noticed a brown very ugly thing
 35891 | D:15     | Killed a brown very ugly thing
 35891 | D:15     | Reached XP level 15. HP: 63/80 MP: 30/30
 36440 | Depths:1 | Found a gateway to Hell.
 37141 | Depths:1 | Found an iron altar of Okawaru.
 37167 | Depths:1 | Reached skill level 1 in Conjurations
 38000 | Depths:1 | Found a one-way gate leading to the halls of Pandemonium.
 38162 | Depths:2 | Noticed a frost giant
 38227 | Depths:2 | Noticed a fire giant
 38264 | Depths:1 | Reached skill level 1 in Shields
 38629 | Depths:2 | Killed a fire giant
 38913 | Depths:2 | Noticed a frost giant
 39216 | Depths:1 | Bought a scroll of blinking for 135 gold pieces
 39216 | Depths:1 | Bought a scroll of teleportation for 54 gold pieces
 39216 | Depths:1 | Bought a scroll of teleportation for 54 gold pieces
 39216 | Depths:1 | Bought a scroll of teleportation for 54 gold pieces
 39218 | Depths:1 | Bought a wand of random effects (27) for 290 gold pieces
 39218 | Depths:1 | Bought a wand of paralysis (10) for 240 gold pieces
 39350 | D:12     | Killed Kirke
 39350 | D:12     | Reached skill level 10 in Spellcasting
 39560 | Elf:1    | Killed a deep elf sorcerer
 40931 | Elf:2    | Found a runed gate.
 40937 | Elf:2    | Found a runed gate.
 40937 | Elf:2    | Found a runed gate.
 41114 | Elf:2    | Reached skill level 5 in Shields
 41648 | Elf:3    | Identified a paperback manual
 41648 | Elf:3    | Entered Level 3 of the Elven Halls
 42687 | Elf:3    | Noticed Asterion
 42755 | Elf:3    | Killed Asterion
 42755 | Elf:3    | Reached XP level 16. HP: 85/85 MP: 31/31
 43131 | Elf:3    | Noticed Nikola
 43775 | Orc:2    | Bought a blowgun for 65 gold pieces
 43989 | Elf:3    | Killed Nikola
 44007 | Elf:2    | Noticed a deep elf blademaster
 44035 | Elf:2    | Killed from afar by a deep elf mage

Vault maps used:
D:1:      dpeg_arrival_short_road, serial_bayou_ford_a, hex_medium,
          st_stairs_10, minivault_27
D:2:      nicolae_overflow_crystal_walls, bloody_trog,
          overflow_temple_1_default, minmay_tromino_v2
D:3:      cheibrodos_fertilizer, lemuel_coloured_pillars_altar, uniq_natasha,
          uniq_sigmund
D:4:      grunt_temple_overflow_order_and_chaos_2,
          minmay_temple_entry_overgrown, serial_shops, kennysheep_mini, shop,
          nicolae_shop_trees, nicolae_shop_statue_plus, first_ration,
          uniq_crazy_yiuf_cottage
D:5:      minitemple
D:6:      grunt_temple_overflow_forces_of_nature, lemuel_round_altar,
          serial_shops, shop, uniq_eustachio, uniq_blork_the_orc
D:7:      kennysheep_little_box
D:8:      uniq_prince_ribbit1, uniq_grum, uniq_pikel
D:9:      xom_shifter_show, david_nohive_1
D:10:     serial_shops, shop
D:11:     erik_orc_2, uniq_fannar
D:12:     nicolae_ashenzari_panopticon
D:13:     erik_vaults_2, laboratory, uniq_kirke
D:14:     uniq_urug
D:15:     hangedman_depths_entry_try_elsewhere_first,
          minmay_misc_feat_secret_circle, aerie_lemuel, uniq_rupert
Temple:   nicolae_temple_figure_zero
Orc:1:    serial_shops, nicolae_shop_waterfront, uniq_gastronok, uniq_erolcha,
          uniq_erica
Orc:2:    grunt_orc_tribal_feast, basic_altar, serial_shops,
          nicolae_shop_statue_plus
Elf:1:    evilmike_minifort, nrook_loot_triangle
Elf:2:    serial_shops, shop
Elf:3:    minmay_elf_hall_hex, hangedman_elven_ridges, uniq_nikola,
          uniq_asterion
Depths:1: enter_ziggurat_f, rand_demon_pan_entry_9, moated_statue,
          hangedman_tar_grid_catacomb, minmay_holes,
          kennysheep_decorative_pillar, minmay_misc_feat_iff,
          grunt_decor_clamped, serial_sigils_hangedman_leer,
          okawaru_ov_weapons_minmay
Depths:2: gammafunk_depths_water_palace, corexii_corridor_pit, hell_entry,
          onia_ninara_cookie, minmay_staircase_windowed_large,
          serial_bayou_shore_b, serial_bayou_shore_b, minmay_shop_grove,
          uniq_bai_suzhen

Skill      XL: |  1  2  3  4  5  6  7  8  9 10 11 12 13 14 15 16 |
---------------+-------------------------------------------------+-----
Slings         | 3 4 9 11 12 | 12.3
Fighting       | 2 4 5 7 8 9 10 | 10.1
Evocations     | 6 10 12 15 17 19 20 | 20.1
Dodging        | 5 8 10 12 13 15 16 | 16.1
Spellcasting   | 5 10 | 10.0
Hexes          | 5 6 7 |  7.0
Transmutations | 6 7 |  7.0
Conjurations   | 1 |  1.0
Shields        | 6 7 |  7.0
Short Blades   | |  1.1
Stealth        | |  1.5

Action                   |  1- 3 |  4- 6 |  7- 9 | 10-12 | 13-15 | 16-18 || total
-------------------------+-------+-------+-------+-------+-------+-------++-------
Melee: Short sword       |     2 |       |       |       |       |       ||     2
       Quarterstaff      |       |       |       |    91 |     3 |       ||    94
       Dagger            |       |       |       |   205 |    93 |       ||   298
       Unarmed           |       |       |       |     7 |     6 |       ||    13
       Scimitar          |       |       |       |       |       |     2 ||     2
 Fire: Hunting sling     |    46 |    40 |  1078 |  1572 |   983 |    55 ||  3774
       Hand crossbow     |       |       |       |    22 |       |       ||    22
       Arbalest          |       |       |       |       |   491 |       ||   491
       Blowgun           |       |       |       |       |       |    14 ||    14
Throw: Stone             |       |       |       |       |     1 |       ||     1
 Cast: Confusing Touch   |       |       |       |     2 |     3 |       ||     5
       Poisonous Vapours |       |       |       |     1 |       |       ||     1
       Yara's Violent Un |       |       |       |       |    14 |    10 ||    24
       Mephitic Cloud    |       |       |       |       |     1 |       ||     1
       Conjure Flame     |       |       |       |       |     3 |       ||     3
Invok: Call Merchant     |       |       |       |       |     2 |       ||     2
Evoke: Wand              |     4 |       |     4 |    96 |   117 |     5 ||   226
       Box of beasts     |       |       |       |       |     3 |       ||     3
       Fan of gales      |       |       |       |       |       |     1 ||     1
       Phial of floods   |       |       |       |       |       |     1 ||     1
  Use: Scroll            |       |       |     9 |    14 |    12 |     5 ||    40
       Potion            |       |       |       |     5 |     7 |     1 ||    13
 Stab: Confused          |       |       |       |     3 |       |       ||     3
       Sleeping          |       |       |       |     1 |       |       ||     1
       Paralysed         |       |       |       |     9 |    65 |       ||    74
       Distracted        |       |       |       |     1 |       |       ||     1
       Invisible         |       |       |       |       |     4 |       ||     4
  Eat: Ration            |       |       |     3 |     7 |    10 |     4 ||    24
Armor: Robe              |     1 |     3 |    31 |    53 |    52 |     2 ||   142
Dodge: Dodged            |    13 |     4 |   204 |   715 |   593 |    20 ||  1549
Block: Buckler           |       |       |       |       |     4 |     8 ||    12

Table legend:
 A = Spawn XP
 B = Non-spawn XP
 C = Spawn XP percentage of total XP
 D = Spawn monster count
 E = Non-spawn monster count
 F = Spawn count percentage of total count
 G = Total turns spent on level
                    A         B        C        D         E        F      G
               +---------+---------+-------+---------+---------+-------+---------
         Total |       0 |  163437 |   0.0 |       0 |     674 |   0.0 | 44035
               +---------+---------+-------+---------+---------+-------+---------
           D:1 |       0 |      49 |   0.0 |       0 |      29 |   0.0 |   753
           D:2 |       0 |      52 |   0.0 |       0 |      14 |   0.0 |   754
           D:3 |       0 |    1625 |   0.0 |       0 |      45 |   0.0 |  1709
           D:4 |       0 |     314 |   0.0 |       0 |      18 |   0.0 |  1994
           D:5 |       0 |     765 |   0.0 |       0 |      22 |   0.0 |  1079
           D:6 |       0 |    1030 |   0.0 |       0 |      12 |   0.0 |  1504
           D:7 |       0 |    2251 |   0.0 |       0 |      18 |   0.0 |  2213
           D:8 |       0 |    2851 |   0.0 |       0 |      28 |   0.0 |  2274
           D:9 |       0 |    3869 |   0.0 |       0 |      36 |   0.0 |  2239
          D:10 |       0 |    3916 |   0.0 |       0 |      34 |   0.0 |  2920
          D:11 |       0 |    5866 |   0.0 |       0 |      45 |   0.0 |  3142
          D:12 |       0 |    4102 |   0.0 |       0 |      19 |   0.0 |   902
          D:13 |       0 |   13825 |   0.0 |       0 |      38 |   0.0 |  2381
          D:14 |       0 |    3235 |   0.0 |       0 |      14 |   0.0 |  1116
          D:15 |       0 |   19069 |   0.0 |       0 |      54 |   0.0 |  2540
         Orc:1 |       0 |    8541 |   0.0 |       0 |      56 |   0.0 |  3357
         Orc:2 |       0 |   12804 |   0.0 |       0 |      62 |   0.0 |  2271
         Elf:1 |       0 |   17667 |   0.0 |       0 |      26 |   0.0 |  3811
         Elf:2 |       0 |   16675 |   0.0 |       0 |      28 |   0.0 |  1823
         Elf:3 |       0 |   18010 |   0.0 |       0 |      21 |   0.0 |  1467
      Depths:1 |       0 |   25121 |   0.0 |       0 |      54 |   0.0 |  3535
      Depths:2 |       0 |    1800 |   0.0 |       0 |       1 |   0.0 |    94
               +---------+---------+-------+---------+---------+-------+---------
